 Dungeon Crawl Stone Soup version 0.20-a0 (webtiles) character file.

7193 Gruud the Basher (level 11, 100/101 HPs)
             Began as an Ogre Hunter on Oct 27, 2016.
             Was an Elder of Okawaru (penitent).
             Quit the game in a bailey.
             The game lasted 00:42:00 (8884 turns).

Gruud the Basher (Ogre Hunter)                      Turns: 8884, Time: 00:42:01

Health: 100/101    AC:  8    Str: 26    XL:     11   Next: 11%
Magic:  16/16      EV: 10    Int: 12    God:    Okawaru [*]
Gold:   451        SH:  0    Dex: 13    Spells: 2 memorised, 6 levels left

rFire  . . .     SeeInvis .     a - +8 dire flail "Votaral" {freeze, Int+2 Dex+3}
rCold  + . .     Gourm    .     g - +2 robe {rC+}
rNeg   . . .     Faith    .     (shield currently unavailable)
rPois  +         Spirit   .     (helmet restricted)
rElec  .         Reflect  .     d - +2 cloak {rPois}
rCorr  +         Harm     .     (gloves unavailable)
MR     +....                    (boots unavailable)
Stlth  +.........               s - amulet of regeneration
                                G - ring of resist corrosion
                                r - +4 ring of strength

@: no status effects
A: unfitting armour, tough skin 1
a: Renounce Religion


You were in a bailey.
You worshipped Okawaru.
Okawaru was demanding penance.
You were not hungry.

You visited 2 branches of the dungeon, and saw 12 of its levels.
You also visited: Sewer and Bailey.

You collected 628 gold pieces.
You spent 177 gold pieces at shops.

Inventory:

Hand Weapons
 a - the +8 dire flail "Votaral" (weapon) {freeze, Int+2 Dex+3}
   (You acquired it on level 4 of the Dungeon)

   It has been specially enchanted to freeze those struck by it, causing extra
   injury to most foes and up to half again as much damage against particularly
   susceptible opponents.
   It can also slow down cold-blooded creatures.
   It affects your intelligence (+2).
   It affects your dexterity (+3).
 J - a +0 giant spiked club
 L - a cursed -2 giant spiked club
Missiles
 k - 68 poisoned needles
 v - 3 tomahawks (quivered)
 B - 3 throwing nets
 H - 3 large rocks
 M - 4 javelins of penetration
 Q - 4 needles of paralysis
Armour
 d - a +2 cloak of poison resistance (worn)
 g - a +2 robe of cold resistance (worn)
 F - a +2 robe of positive energy
Jewellery
 i - an uncursed amulet of guardian spirit
 r - a +4 ring of strength (left hand)
 s - an amulet of regeneration (around neck)
 x - an uncursed ring of wizardry
 G - a ring of resist corrosion (right hand)
Wands
 c - a wand of enslavement (9/24)
 l - a wand of lightning (6/15)
 w - a wand of lightning (9/15)
 A - a wand of iceblast (12/15)
Scrolls
 b - 2 scrolls of teleportation
 n - a scroll of fog
 o - 9 scrolls of remove curse
 p - 2 scrolls of recharging
 y - a scroll of fear
 I - a scroll of enchant armour
 N - 2 scrolls of amnesia
Potions
 e - 4 potions of flight
 h - a potion of brilliance
 j - 4 potions of haste
 m - a potion of heal wounds
 q - 2 potions of invisibility
 u - a potion of lignification
 z - a potion of mutation
 D - 3 potions of magic
 E - 3 potions of curing
 K - 4 potions of agility
Books
 O - a book of Party Tricks

   Spells                             Type                      Level
   a - Summon Butterflies             Summoning                    1
   b - Apportation                    Translocation                1
   c - Lesser Beckoning               Translocation                3
   d - Tukima's Dance                 Hexes                        3
   e - Alistair's Intoxication        Transmutation/Poison         5
   f - Invisibility                   Hexes                        6
Comestibles
 f - 6 bread rations
 t - a meat ration
 C - 5 beef jerkies
 P - 3 fruits
 R - 4 chunks of flesh


   Skills:
 - Level 4.8 Fighting
 - Level 14.9 Maces & Flails
 - Level 9.7 Throwing
 - Level 1.7 Dodging
 - Level 0.6 Stealth
 * Level 7.3 Invocations


You had 6 spell levels left.
You knew the following spells:

 Your Spells              Type           Power        Failure   Level  Hunger
a - Apportation           Tloc           #.........   34%         1    ##.....
b - Lesser Beckoning      Tloc           #.........   88%         3    ####...


Dungeon Overview and Level Annotations

Branches:
Dungeon (11/15)            Temple (1/1) D:7            Lair (0/6) D:9
    Orc: D:9-12

Altars:
Ashenzari
Cheibriados
Elyvilon
Fedhas
Gozag
Hepliaklqana
Kikubaaqudgha
Makhleb
Nemelex Xobeh
Okawaru
Ru
Sif Muna
Trog
Uskayaw
Vehumet
Xom
Yredelemnul
Zin
The Shining One
Beogh

Shops:
D:4 *[::=


Innate Abilities, Weirdness & Mutations

You are too large for most types of armour.
You have tough skin. (AC +1)


Message History

The world spins around you as you enter the gateway.
Welcome back to a bailey!
Found a gate leading back out of this place.
There is an empty arch of ancient stone here.
An electric eel comes into view.
Quiver which item? (- for none, * to show all) (? for menu, Esc to quit)
Quivering
v - 3 tomahawks for throwing.
Evoke which item? (* to show all) (? for menu, Esc to quit)
Zapping:
c - a wand of enslavement {zapped: 1} (will waste charges)
Press: ? - help, Shift-Dir - straight line, f - electric eel
Aim: an electric eel (water, resting, chance to defeat MR: 54%)
The electric eel is charmed.
Evoking this partially-identified wand wasted a few charges.
Really attack your ally the electric eel?
This attack would place you under penance!
You sock your electric eel! You freeze your electric eel.
You kill your electric eel!
You feel very guilty. "You will pay for your transgression, mortal!"
Enter note: Well, forgot about that...
Are you sure you want to abandon this character and quit the game? (Confirm with "yes".)

#####+++#####
#...........#
##≈≈≈≈...≈≈≈≈####
≈≈≈≈≈≈≈...≈≈≈≈≈≈≈≈
≈≈≈≈≈≈≈...≈≈≈≈≈≈≈≈
≈≈≈≈≈≈≈...≈≈≈≈≈≈≈≈
≈≈≈≈≈≈...≈≈≈≈≈≈≈≈
≈≈≈.....@...≈≈≈≈≈
###.......######
#.......#
#.......#
#...∩...#
#.......#
###...### #.∩.#
#####


There were no monsters in sight!

Vanquished Creatures
  Erica (D:8)
  A hill giant (D:10)
  Joseph (D:8)
  The ghost of 100P the Slasher, a novice DsGl of Gozag (D:6)
  A komodo dragon (D:9)
  A two-headed ogre (D:8)
  A hippogriff (D:7)
  A meliai zombie (D:11)
  Sigmund (D:3)
  A hungry ghost (D:11)
  A water moccasin (D:6)
  3 orc warriors
  An ice beast (D:5)
  A black bear (D:6)
  A hornet zombie (D:8)
  3 sky beasts (D:9)
  3 phantoms
  A necrophage (D:5)
  2 centaurs
  An ogre (D:7)
  A big kobold (D:9)
  A bullfrog (D:6)
  A water moccasin zombie (D:8)
  5 scorpions
  13 killer bees
  An electric eel (Bailey)
  4 howler monkeys
  2 centaur zombies
  6 crimson imps
  2 hounds
  4 jellies
  A bullfrog zombie (D:10)
  3 orc priests
  A bullfrog skeleton (D:11)
  2 orc wizards
  Crazy Yiuf (D:3)
  An iguana (D:11)
  9 worker ants
  A hound skeleton (D:4)
  A worker ant zombie (D:7)
  13 adders
  8 gnolls
  A river rat (D:4)
  2 shadow imps
  4 oozes (Sewer)
  2 adder skeletons
  7 worms
  3 dart slugs
  7 leopard geckos
  30 orcs
  10 giant cockroaches
  4 hobgoblins
  10 jackals
  5 quokkas
  12 bats
  7 frilled lizards
  6 goblins
  12 kobolds
  A leopard gecko skeleton (D:4)
  A leopard gecko zombie (D:6)
  5 rats
237 creatures vanquished.

Vanquished Creatures (others)
  A plant (D:9)
1 creature vanquished.

Grand Total: 238 creatures vanquished

Notes
Turn   | Place    | Note
-------+----------+-------------------------------------------
     0 | D:1      | Gruud the Ogre Hunter began the quest for the Orb.
     0 | D:1      | Reached XP level 1. HP: 22/22 MP: 1/1
    69 | D:1      | Reached skill level 1 in Maces & Flails
   676 | D:1      | Reached skill level 2 in Maces & Flails
   676 | D:1      | Reached XP level 2. HP: 29/29 MP: 2/2
  1228 | D:2      | Reached skill level 3 in Maces & Flails
  1228 | D:2      | Reached XP level 3. HP: 36/36 MP: 3/3
  1716 | D:1      | Reached XP level 4. HP: 15/44 MP: 4/4
  1929 | D:1      | Reached skill level 4 in Maces & Flails
  2785 | D:3      | Found a hazy altar of Hepliaklqana.
  2785 | D:3      | Found a basalt altar of Yredelemnul.
  2960 | D:3      | Found a runed door.
  2986 | D:3      | Noticed Crazy Yiuf
  2989 | D:3      | Killed Crazy Yiuf
  2989 | D:3      | Reached skill level 5 in Maces & Flails
  2989 | D:3      | Reached XP level 5. HP: 50/50 MP: 5/5
  3060 | D:4      | Found Ummul's Assorted Antiques.
  3106 | D:4      | Reached skill level 5 in Throwing
  3154 | D:4      | Found a radiant altar of Vehumet.
  3166 | D:4      | Found Huippip's Book Shop.
  3187 | D:4      | Reached skill level 6 in Maces & Flails
  3187 | D:4      | Reached XP level 6. HP: 59/59 MP: 6/6
  3413 | D:4      | Found a glowing drain.
  3420 | D:4      | Reached skill level 7 in Maces & Flails
  3428 | Sewer    | Entered a sewer
  3892 | Sewer    | Reached XP level 7. HP: 65/66 MP: 7/7
  4160 | D:4      | Bought an embroidered robe for 154 gold pieces
  4171 | D:4      | Bought a scroll labeled BOCHOTSU TIANO for 23 gold pieces
  4172 | D:4      | Got an ancient dire flail
  4173 | D:4      | Identified the +8 dire flail "Votaral" {freeze, Int+2 Dex+3} (You acquired it on level 4 of the Dungeon)
  4345 | D:3      | Noticed Sigmund
  4379 | D:3      | Killed Sigmund
  4379 | D:3      | Reached skill level 8 in Maces & Flails
  4631 | D:4      | Found Guptox's Book Shop.
  4673 | D:4      | Found Minamus's Armour Emporium.
  4815 | D:5      | Entered Level 5 of the Dungeon
  4893 | D:4      | Found Kajoibbu's Jewellery Boutique.
  4992 | D:5      | Reached skill level 9 in Maces & Flails
  5041 | D:5      | Reached XP level 8. HP: 74/74 MP: 8/8
  5047 | D:5      | Found a white marble altar of Elyvilon.
  5256 | D:5      | Reached skill level 10 in Maces & Flails
  5769 | D:6      | Noticed 100P's ghost (novice DsGl)
  5773 | D:6      | Killed 100P's ghost
  5773 | D:6      | Reached skill level 11 in Maces & Flails
  5856 | D:6      | Reached XP level 9. HP: 69/80 MP: 9/9
  6001 | D:6      | Reached skill level 12 in Maces & Flails
  6086 | D:7      | Found a staircase to the Ecumenical Temple.
  6149 | D:6      | You fall through a shaft for 2 floors!
  6272 | D:7      | Found an iron altar of Okawaru.
  6358 | Temple   | Entered the Ecumenical Temple
  6590 | Temple   | Became a worshipper of Warmaster Okawaru
  6930 | D:7      | Reached skill level 13 in Maces & Flails
  6963 | D:8      | Found a snail-covered altar of Cheibriados.
  6982 | D:8      | Noticed Erica
  6994 | D:8      | Killed Erica
  6994 | D:8      | Reached * piety under Okawaru
  6994 | D:8      | Reached ** piety under Okawaru
  6994 | D:8      | Reached skill level 14 in Maces & Flails
  6994 | D:8      | Reached XP level 10. HP: 55/88 MP: 10/10
  7294 | D:8      | Found a shattered altar of Ashenzari.
  7313 | D:8      | Noticed Joseph
  7322 | D:8      | Killed Joseph
  7706 | D:9      | Found a staircase to the Lair.
  7742 | D:9      | Reached *** piety under Okawaru
  7801 | D:9      | Found a roughly hewn altar of Beogh.
  8004 | D:10     | Entered Level 10 of the Dungeon
  8030 | D:9      | Reached skill level 1 in Invocations
  8479 | D:10     | Noticed a hill giant
  8485 | D:10     | Killed a hill giant
  8485 | D:10     | Reached **** piety under Okawaru
  8485 | D:10     | Reached skill level 5 in Invocations
  8547 | D:10     | Learned a level 1 spell: Apportation
  8551 | D:10     | Learned a level 3 spell: Lesser Beckoning
  8752 | D:11     | Received a gift from Okawaru
  8765 | D:11     | Reached XP level 11. HP: 99/101 MP: 15/15
  8867 | D:11     | Found a flagged portal.
  8873 | Bailey   | Entered a bailey
  8882 | Bailey   | Was placed under penance by Okawaru
  8884 | Bailey   | Well, forgot about that...
  8884 | Bailey   | Quit the game

Vault maps used:
D:1:      saegor_arrival_simple_e
D:3:      gammafunk_temple_overflow_wave, uniq_sigmund, uniq_crazy_yiuf_cottage
D:4:      overflow_temple_1_default, serial_shops, shop, nicolae_shop_crystal,
          shop, kennysheep_mini, kennysheep_mini_moat, gup_sewer_entry_bubbles
D:5:      nicolae_overflow_hidden_temple, first_bread, minivault_4,
          minmay_misc_feat_nine_boxes, elyvilon_altar_5
D:6:      minivault_27, serial_bayou_lagoon_b
D:7:      grunt_ogre_cave, okawaru_trees_1
D:8:      ashenzari_conservatory_becter, marbit_many_paths, uniq_joseph,
          uniq_erica
D:9:      david_lair_shrubbed
D:11:     orc_0_dummy, portal_ice_cave_demonic_guard, enter_bailey_3,
          minmay_crystal_room, hex_intersection, uniq_grum
Temple:   minmay_temple_curvy_branch
Sewer:    sewer_fruit_machine
Bailey:   bailey_axe_of_yendor_kennysheep, bailey

Skill      XL: |  1  2  3  4  5  6  7  8  9 10 11 |
---------------+----------------------------------+-----
Maces & Flails | 2 3 5 6 7 9 11 14 | 14.9
Throwing       | 5 6 7 9 |  9.7
Fighting       | 4 |  4.8
Invocations    | 6 7 |  7.3
Dodging        | |  1.7
Stealth        | |  0.6

Action                   |  1- 3 |  4- 6 |  7- 9 | 10-12 || total
-------------------------+-------+-------+-------+-------++-------
Melee: Whip              |    75 |       |       |       ||    75
       Flail             |     6 |    31 |       |       ||    37
       Mace              |       |   171 |     5 |       ||   176
       Dire flail        |       |       |   156 |   151 ||   307
Throw: Stone             |    33 |    24 |       |       ||    57
       Large rock        |     8 |    10 |    12 |    15 ||    45
       Throwing net      |     3 |       |       |     1 ||     4
       Tomahawk          |       |     8 |     7 |     2 ||    17
       Javelin           |       |       |       |     8 ||     8
Evoke: Wand              |       |       |       |     1 ||     1
  Use: Scroll            |       |     9 |    17 |     2 ||    28
 Stab: Sleeping          |       |     1 |     2 |     1 ||     4
  Eat: Chunk             |     2 |     6 |     6 |     5 ||    19
       Pizza             |       |     1 |       |       ||     1
       Bread ration      |       |       |     1 |       ||     1
       Beef jerky        |       |       |       |     2 ||     2
Armor: Robe              |    13 |   117 |    62 |    30 ||   222
Dodge: Dodged            |    35 |   151 |    80 |    49 ||   315
